 Dungeon Crawl Stone Soup version 0.24.1-14-gf8d2b509d9 (webtiles) character file.

Game seed: 5030899082592579062, levelgen mode: deterministic

57493 Peloso the Peltast (level 14, -1/190 HPs)
             Began as a Minotaur Fighter on May 17, 2020.
             Was a High Priest of Okawaru.
             Slain by a bone dragon (17 damage)
             ... on level 2 of the Abyss.
             The game lasted 00:51:05 (19544 turns).

Peloso the Peltast (Minotaur Fighter)              Turns: 19544, Time: 00:51:06

Health: -1/190     AC: 25    Str: 29    XL:     14   Next: 46%
Magic:  24/24      EV: 12    Int:  5    God:    Okawaru [*****.]
Gold:   1208       SH: 21    Dex: 15    Spells: 13/13 levels left

rFire    . . .     SeeInvis .   P - +2 falchion (freeze)
rCold    + . .     Gourm    .   c - +1 shield
rNeg     . . .     Faith    .   i - +7 chain mail of Altruism {rCorr Dex+3}
rPois    +         Spirit   .   (helmet restricted)
rElec    .         Reflect  +   j - +2 cloak {+Inv}
rCorr    +         Harm     .   m - +0 pair of gloves of Restlessness {-Cast rPois Slay+2}
MR       +....     NoCast   +   z - +0 pair of boots
Stlth    ..........             E - +5 amulet of reflection
HPRegen  0.41/turn              g - ring of protection from cold
MPRegen  0.19/turn              l - ring of magical power

@: berserking, drained, very quick
A: retaliatory headbutt, horns 2
a: Heroism, Finesse, Renounce Religion, Evoke Invisibility


You were on level 2 of the Abyss.
You worshipped Okawaru.
Okawaru was extremely pleased with you.
You were very hungry.

You visited 4 branches of the dungeon, and saw 19 of its levels.
You visited the Abyss 1 time.
You also visited: Sewer.

You collected 1598 gold pieces.
You spent 390 gold pieces at shops.

Inventory:

Hand Weapons
 a - a +0 double sword of holy wrath
 b - a +2 whip of flaming
 D - a +3 demon whip of electrocution
 P - a +2 falchion of freezing (weapon)
Armour
 c - a +1 shield (worn)
 i - the +7 chain mail of Altruism (worn) {rCorr Dex+3}
   (You bought it in a shop on level 2 of the Orcish Mines)

   It affects your dexterity (+3).
   It provides partial protection from all sources of acid and corrosion.
 j - a +2 cloak of invisibility (worn)
 m - the +0 pair of gloves of Restlessness (worn) {-Cast rPois Slay+2}
   (Okawaru gifted it to you on level 2 of the Orcish Mines)

   It affects your accuracy and damage with ranged weapons and melee attacks
   (+2).
   It protects you from poison.
   It prevents spellcasting.
 t - a scarf of repulsion
 z - a +0 pair of boots (worn)
Jewellery
 g - a ring of protection from cold (left hand)
 l - a ring of magical power (right hand)
 E - a +5 amulet of reflection (around neck)
Wands
 o - a wand of paralysis (6)
 r - a wand of flame (19)
 v - a wand of acid (6)
 F - a wand of enslavement (10)
 H - a wand of polymorph (7)
Scrolls
 e - 4 scrolls of fog
 k - 2 scrolls of fear
 p - 5 scrolls of teleportation
 s - a scroll of brand weapon
 w - 3 scrolls of remove curse
 y - 2 scrolls of noise
 A - 3 scrolls of identify
 C - a scroll of acquirement {unknown}
 M - 2 scrolls of blinking
 R - 3 scrolls of magic mapping
Potions
 d - 3 potions of might
 h - a potion of cancellation
 q - 6 potions of flight
 u - 3 potions of heal wounds
 x - 9 potions of curing
 B - 4 potions of agility
 I - 2 potions of brilliance {unknown}
 U - a potion of haste
Miscellaneous
 n - a phial of floods
Comestibles
 f - 39 rations


   Skills:
 + Level 12.3(11.4) Fighting
 + Level 15.2(14.2) Long Blades
   Level 0.6(0.0) Polearms
 + Level 12.2(11.3) Armour
 + Level 6.4(5.6) Dodging
 + Level 1.0(0.3) Stealth
 + Level 17.5(16.5) Shields
 + Level 3.9(3.2) Invocations


You had 13 spell levels left.
You didn't know any spells.
Your spell library contained the following spells:

 Spells                   Type           Power        Failure   Level  Hunger
 Animate Skeleton         Necr           N/A          90%         1    ##.....
 Apportation              Tloc           #.....       90%         1    ##.....
 Confusing Touch          Hex            #.....       90%         1    ##.....
 Magic Dart               Conj           #...         90%         1    ##.....
 Summon Small Mammal      Summ           #...         90%         1    ##.....
 Blink                    Tloc           N/A          97%         2    ###....
 Call Imp                 Summ           #.......     97%         2    ###....
 Slow                     Hex            #.......     97%         2    ###....
 Conjure Flame            Conj/Fire      #.......     99%         3    ####...
 Mephitic Cloud           Conj/Pois/Air  #.......     99%         3    ####...
 Haunt                    Necr/Summ      #.........   100%        7    #######
 Borgnjor's Revivificati  Necr           #.........   100%        8    #######
 Death's Door             Chrm/Necr      #.........   100%        8    #######
 Infestation              Necr           #.........   100%        8    #######
 Necromutation            Tmut/Necr      #.........   100%        8    #######


Dungeon Overview and Level Annotations

Branches:
Dungeon (15/15)            Temple (1/1) D:6            Lair (1/6) D:10
    Orc (2/2) D:9             Elf (0/3) Orc:2        Vaults (0/5) D:14
  Sewer (visited)
 Depths: D:15

Altars:
Ashenzari
Cheibriados
Dithmenos
Elyvilon
Gozag
Kikubaaqudgha
Makhleb
Nemelex Xobeh
Okawaru
Qazlal
Sif Muna
Trog
Uskayaw
Vehumet
Wu Jian
Zin
The Shining One
Beogh

Shops:
D:3 *   D:6 ?   D:7 *   Orc:2 ([=[

Annotations:
D:13 oggetti nascosti-DIG
D:15 Louise


Innate Abilities, Weirdness & Mutations

You reflexively headbutt those who attack you in melee.
You have a pair of horns on your head.


Message History

You hit the bone dragon but do no damage.
You headbutt the bone dragon!
The bone dragon is heavily damaged.
You block the bone dragon's attack. The bone dragon claws you!
* * * LOW HITPOINT WARNING * * *
The bone dragon tramples you!
* * * LOW HITPOINT WARNING * * *
You stumble backwards!
You slash the bone dragon!
You headbutt the bone dragon, but do no damage.
The bone dragon is heavily damaged.
Unknown command.
You hit the bone dragon but do no damage.
You headbutt the bone dragon, but do no damage.
The bone dragon is heavily damaged.
You slice the bone dragon!! You freeze the bone dragon.
Your headbutt misses the bone dragon.
The bone dragon is severely damaged.
The bone dragon bites you!
You die...

## # .# ##.####.#
##....#.#.# #.#.
......## #. #?##
.## .#
#...##..#...#...#
# #..@D..#..#
.##.# #..###.#.#
....# #.#
#......... ..
#.#.#.. .. #
#....#..#..# #
..#... ..#
.#.##...# #.. ...
# .#. .


You could see a bone dragon.

Vanquished Creatures
  Josephine (D:14)
  Fannar (Lair:1)
  Harold (D:8)
  5 ogre magi
  2 dancing weapons (D:14)
  20 two-headed ogres
  Urug (D:10)
  A hell hog (Abyss:2)
  5 skeletal warriors
  2 unseen horrors
  3 orc knights
  Pikel (D:4)
  A deep elf mage (D:14)
  6 ugly things
  2 cyclopes
  An orc sorcerer (Orc:1)
  A manticore (D:13)
  A guardian serpent (D:13)
  A rust devil (Abyss:2)
  3 gargoyles
  2 komodo dragons
  A rime drake (Lair:1)
  A komodo dragon (shapeshifter) (D:13)
  9 trolls
  A hornet (D:12)
  4 hippogriffs
  2 shadows
  A vampire (D:13)
  6 wraiths
  A spriggan (D:9)
  2 wyverns (D:10)
  12 yaks
  4 basilisks (D:10)
  Eustachio (D:4)
  A human (shapeshifter) (D:13)
  A steam dragon (D:11)
  A hungry ghost (D:10)
  5 vampire mosquitoes
  Menkaure (D:4)
  4 wargs
  6 water moccasins
  3 porcupines
  Duvessa (D:4)
  6 ice beasts
  3 sky beasts
  4 slaves (D:4)
  5 black bears
  19 orc warriors
  3 phantoms
  8 centaurs
  A necrophage (D:8)
  48 ogres
  A wolf (D:10)
  4 boggarts (D:14)
  4 crocodiles
  6 big kobolds
  9 bullfrogs
  4 gnoll sergeants (D:9)
  A wyvern skeleton (D:12)
  3 scorpions
  2 water moccasin skeletons
  Dowan (D:4)
  10 killer bees
  8 wights
  3 howler monkeys
  A howler monkey (shapeshifter) (D:14)
  7 crimson imps
  2 centaur zombies
  2 bullfrog zombies (D:6)
  6 hounds
  10 orc priests
  14 orc wizards
  8 jellies
  3 bullfrog skeletons
  7 centaur skeletons
  Terence (D:3)
  Natasha (thrice) (D:2)
  5 iguanas
  11 worker ants
  2 hound skeletons
  2 worker ant zombies
  Robin (D:4)
  4 gnolls
  10 adders
  2 river rats
  5 shadow imps
  2 oozes
  An adder zombie (D:7)
  2 adder skeletons (D:8)
  2 worms (D:3)
  3 dart slugs
  7 leopard geckos
  81 orcs
  2 ball pythons
  10 giant cockroaches
  14 hobgoblins
  12 jackals
  20 kobolds
  4 quokkas
  15 bats
  6 frilled lizards
  12 goblins
  A jackal zombie (D:5)
  2 quokka skeletons
  15 rats
599 creatures vanquished.

Vanquished Creatures (others)
  A demonic plant (Abyss:2)
  3 fungi (D:10)
  7 plants (D:10)
11 creatures vanquished.

Grand Total: 610 creatures vanquished

Notes
Turn   | Place    | Note
-------+----------+-------------------------------------------
     0 | D:1      | Peloso the Minotaur Fighter began the quest for the Orb.
     0 | D:1      | Reached XP level 1. HP: 19/19 MP: 0/0
   102 | D:1      | Reached skill level 4 in Shields
   102 | D:1      | Reached XP level 2. HP: 22/27 MP: 1/1
   539 | D:2      | Reached XP level 3. HP: 32/33 MP: 2/2
   580 | D:2      | Found an opulent altar of Gozag.
   631 | D:2      | Noticed Natasha
   639 | D:2      | Killed Natasha
   765 | D:2      | Reached XP level 4. HP: 36/40 MP: 3/3
   863 | D:2      | Noticed Natasha
   869 | D:2      | Killed Natasha
  1063 | D:2      | Reached skill level 1 in Dodging
  1341 | D:2      | Noticed Natasha
  1344 | D:2      | Killed Natasha
  1344 | D:2      | Reached skill level 5 in Shields
  1344 | D:2      | Reached XP level 5. HP: 44/47 MP: 4/4
  1487 | D:3      | Found Zin's Purification Station.
  1490 | D:3      | Found a glowing silver altar of Zin.
  1531 | D:3      | Noticed Terence
  1541 | D:3      | Killed Terence
  2135 | D:4      | Reached XP level 6. HP: 55/55 MP: 5/5
  2141 | D:4      | Found a bloodstained altar of Trog.
  2186 | D:4      | Noticed Robin
  2196 | D:4      | Reached skill level 5 in Fighting
  2208 | D:5      | Entered Level 5 of the Dungeon
  2393 | D:4      | Killed Robin
  2412 | D:4      | Reached skill level 5 in Long Blades
  2443 | D:4      | Noticed Eustachio
  2475 | D:4      | Killed Eustachio
  2475 | D:4      | Reached skill level 5 in Armour
  2489 | D:4      | Noticed a slave
  2500 | D:4      | Noticed Menkaure
  2506 | D:4      | Killed a slave
  2511 | D:4      | Killed Menkaure
  2511 | D:4      | Reached XP level 7. HP: 30/61 MP: 6/6
  2911 | D:4      | Reached skill level 6 in Shields
  2962 | D:4      | Noticed Pikel
  3012 | D:4      | Noticed Dowan
  3013 | D:4      | Noticed Duvessa
  3032 | D:4      | Killed Dowan
  3046 | D:4      | Killed Duvessa
  3046 | D:4      | Reached XP level 8. HP: 26/70 MP: 6/7
  3080 | D:4      | Killed Pikel
  3242 | D:4      | Reached skill level 7 in Shields
  3849 | D:5      | Found a burning altar of Makhleb.
  3999 | D:5      | Found a shimmering blue altar of Sif Muna.
  4894 | D:6      | Found a staircase to the Ecumenical Temple.
  4936 | D:6      | Reached XP level 9. HP: 78/78 MP: 8/8
  5015 | D:6      | Reached skill level 8 in Shields
  5090 | D:6      | Found a glowing drain.
  5094 | Sewer    | Entered a sewer
  5216 | Sewer    | Found a white marble altar of Elyvilon.
  5438 | D:6      | Found a stormy altar of Qazlal.
  5539 | D:6      | Found Gacu Dar's Magic Scroll Shoppe.
  5547 | D:6      | Bought a scroll of remove curse for 30 gold pieces
  5547 | D:6      | Bought a scroll of noise for 10 gold pieces
  5547 | D:6      | Bought a scroll of amnesia for 35 gold pieces
  5547 | D:6      | Bought a scroll of identify for 20 gold pieces
  5547 | D:6      | Bought a scroll of identify for 20 gold pieces
  5789 | D:6      | Reached skill level 9 in Shields
  5802 | Temple   | Entered the Ecumenical Temple
  5825 | Temple   | Became a worshipper of Warmaster Okawaru
  6425 | D:7      | Found a sparkling altar of Nemelex Xobeh.
  6578 | D:7      | Reached * piety under Okawaru
  6620 | D:7      | Found Fziots's Fabulous Fripperies.
  6628 | D:7      | Reached skill level 10 in Long Blades
  7243 | D:8      | Reached XP level 10. HP: 76/86 MP: 9/9
  7269 | D:8      | Noticed Harold
  7296 | D:8      | Killed Harold
  7296 | D:8      | Reached ** piety under Okawaru
  7296 | D:8      | Reached skill level 10 in Shields
  8082 | D:9      | Reached *** piety under Okawaru
  8331 | D:9      | Noticed a two-headed ogre
  8353 | D:9      | Noticed a two-headed ogre
  8360 | D:9      | Killed a two-headed ogre
  8368 | D:9      | Killed a two-headed ogre
  8857 | D:9      | Found a staircase to the Orcish Mines.
  8862 | D:10     | Entered Level 10 of the Dungeon
  8916 | D:9      | Reached skill level 11 in Shields
  8916 | D:9      | Reached XP level 11. HP: 56/95 MP: 10/10
  8998 | D:9      | Reached **** piety under Okawaru
  9563 | D:10     | Noticed a two-headed ogre
  9718 | D:10     | Found a staircase to the Lair.
  9901 | D:10     | Reached skill level 1 in Invocations
  9917 | D:10     | Noticed Urug
  9939 | D:10     | Killed Urug
  9987 | D:10     | Reached skill level 12 in Shields
 10230 | D:10     | Reached skill level 10 in Armour
 10274 | D:10     | Killed an unseen horror
 10274 | D:10     | Reached skill level 5 in Dodging
 10389 | D:10     | Killed a two-headed ogre
 10409 | D:10     | Reached ***** piety under Okawaru
 10702 | D:11     | Killed an unseen horror
 10702 | D:11     | Reached XP level 12. HP: 34/106 MP: 12/12
 11525 | D:11     | Found a shattered altar of Ashenzari.
 11687 | Lair:1   | Entered Level 1 of the Lair of Beasts
 11737 | Lair:1   | Noticed Fannar
 11792 | Lair:1   | Killed Fannar
 11792 | Lair:1   | Reached skill level 13 in Shields
 11868 | Lair:1   | Received a gift from Okawaru
 12045 | Lair:1   | Reached skill level 10 in Fighting
 12096 | Lair:1   | Got an ancient spear
 12097 | Lair:1   | Identified the cursed +1 spear of Harmony {elec, Int+4
                  | Dex+4} (You found it on level 1 of the Lair of Beasts)
 12963 | Orc:1    | Entered Level 1 of the Orcish Mines
 13079 | Orc:1    | Paralysed by an orc sorcerer for 2 turns
 13378 | Orc:1    | Reached skill level 14 in Shields
 13585 | Orc:1    | Found a roughly hewn altar of Beogh.
 13854 | Orc:2    | Entered Level 2 of the Orcish Mines
 13854 | Orc:2    | Found a staircase to the Elven Halls.
 14254 | Orc:2    | Received a gift from Okawaru
 14917 | Orc:2    | Noticed a two-headed ogre
 14917 | Orc:2    | Noticed a two-headed ogre
 14928 | Orc:2    | Noticed an ogre mage
 14928 | Orc:2    | Noticed a two-headed ogre
 14960 | Orc:2    | Noticed a two-headed ogre
 14962 | Orc:2    | Killed a two-headed ogre
 14969 | Orc:2    | Noticed an ogre mage
 14977 | Orc:2    | Killed a two-headed ogre
 14985 | Orc:2    | Killed a two-headed ogre
 14991 | Orc:2    | Killed a two-headed ogre
 14997 | Orc:2    | Killed an ogre mage
 14997 | Orc:2    | Reached skill level 15 in Shields
 14997 | Orc:2    | Reached XP level 13. HP: 89/114 MP: 14/14
 15116 | Orc:2    | Received a gift from Okawaru
 15164 | Orc:2    | Got a pair of encrusted gloves {god gift}
 15170 | Orc:2    | Identified the +0 pair of gloves of Restlessness {-Cast
                  | rPois Slay+2} (Okawaru gifted it to you on level 2 of the
                  | Orcish Mines)
 15687 | Orc:2    | Reached skill level 16 in Shields
 15690 | Orc:2    | Found Goak's Armour Shoppe.
 15690 | Orc:2    | Found Pephef's Antique Weapon Shop.
 15691 | Orc:2    | Found Boceudic's Antique Armour Boutique.
 15691 | Orc:2    | Found Reenyefuc's Jewellery Shoppe.
 15708 | Orc:2    | Bought a warped chain mail for 275 gold pieces
 15722 | Orc:2    | Identified the +7 chain mail of Altruism {rCorr Dex+3} (You
                  | bought it in a shop on level 2 of the Orcish Mines)
 17360 | D:13     | Reached XP level 14. HP: 119/125 MP: 15/15
 17452 | D:13     | Reached skill level 1 in Stealth
 17519 | D:13     | Reached skill level 15 in Long Blades
 18273 | D:14     | Received a gift from Okawaru
 18273 | D:14     | Reached skill level 17 in Shields
 18651 | D:14     | Found a gate to the Vaults.
 18975 | D:15     | Entered Level 15 of the Dungeon
 18994 | D:15     | Noticed Josephine
 19032 | D:14     | Killed Josephine
 19360 | D:15     | Found a glowing silver altar of Zin.
 19366 | D:15     | Noticed Louise
 19377 | D:15     | Cast into level 2 of the Abyss (Louise)
 19523 | Abyss:2  | Noticed a bone dragon
 19544 | Abyss:2  | Slain by a bone dragon

Levels and vault maps discovered:
D:1:      matt_arrival_grand_opening, layout_basic
D:2:      minmay_chambers_of_twos, layout_basic, nicolae_overflow_crystal_walls,
          uniq_natasha
D:3:      layout_basic, zin_purify, first_ration, uniq_terence
D:4:      layout_gridville, marbit_many_paths, uniq_robin, uniq_duvessa,
          uniq_menkaure, uniq_eustachio, uniq_pikel
D:5:      layout_layer_cave, bloody_makhleb, led_sif_pool,
          hangedman_abyss_or_decor_jellyfish_corner, minmay_misc_feat_five
D:6:      layout_cave_pods, grunt_qazlal_clouds, minmay_temple_entry_junction,
          gup_sewer_entry_spiral, serial_shops, nicolae_shop_crystal
D:7:      layout_layer_cave, nemelex_xobeh_ov_fountains_minmay,
          nicolae_alphabet_shops
D:8:      layout_cave_pods, st_stairs_2, uniq_harold
D:9:      layout_roguey, kennysheep_orc_monster_closet_entryway, the_bakery,
          lightli_orcish_oven
D:10:     layout_roguey, minmay_lair_entry_grove, minivault_25_ag, uniq_urug
D:11:     layout_irregular_city, nicolae_ashenzari_panopticon
D:12:     layout_irregular_city
D:13:     layout_loops_ring, nrook_loot_triangle, nrook_guardian_serpent_double
D:14:     layout_cave_pools, erik_vaults_1, serial_park_tiny_2, minivault_25,
          kennysheep_generic_room_13
D:15:     grunt_enter_depths_snipers, layout_irregular_city,
          minmay_misc_feat_chi, basic_altar, nicolae_trove_entry_diagonal,
          minivault_7, uniq_nessos, uniq_louise, uniq_josephine
Temple:   eino_wide_crystal_templ
Lair:1:   layout_regular_city, uniq_fannar
Orc:1:    layout_diamond_mine, basic_altar, serial_shops
Orc:2:    st_orc_ogre_mass, layout_diamond_mine
Abyss:2:  base: D:4, patterned_corridor, evilmike_abyss_exit_plants

Skill      XL: |  1  2  3  4  5  6  7  8  9 10 11 12 13 14 |
---------------+-------------------------------------------+-----
Shields        | 4 5 6 7 9 11 12 15 16 17 | 17.5
Fighting       | 4 5 6 7 8 9 10 11 12 | 12.3
Long Blades    | 3 4 6 7 8 10 11 13 14 15 | 15.2
Armour         | 4 5 7 8 9 10 11 12 | 12.2
Dodging        | 1 2 3 4 5 6 |  6.4
Invocations    | 1 2 3 |  3.9
Stealth        | 1 |  1.0
Polearms       | |  0.6

Action                   |  1- 3 |  4- 6 |  7- 9 | 10-12 | 13-15 || total
-------------------------+-------+-------+-------+-------+-------++-------
Melee: Long sword        |    73 |   165 |       |       |       ||   238
       Headbutt          |    13 |    27 |    90 |   251 |   230 ||   611
       Falchion          |       |     9 |   452 |  1015 |   703 ||  2179
       Spear             |       |       |       |     6 |       ||     6
Invok: Heroism           |       |       |       |    29 |    21 ||    50
  Use: Scroll            |     5 |     3 |     3 |    12 |     2 ||    25
       Potion            |     1 |     2 |     1 |     1 |     2 ||     7
  Eat: Chunk             |       |     6 |    15 |    23 |    14 ||    58
       Ration            |       |       |       |     1 |       ||     1
Armor: Scale mail        |    45 |    76 |    32 |       |       ||   153
       Chain mail        |       |       |    89 |   191 |   101 ||   381
       Plate armour      |       |       |       |    27 |     8 ||    35
Dodge: Dodged            |    27 |    91 |    99 |   172 |   121 ||   510
       Deflected         |       |       |     8 |     7 |       ||    15
Block: Shield            |    48 |   126 |   258 |   741 |   442 ||  1615
       Reflection        |       |       |       |     7 |    13 ||    20
       Rpst.: Long sword |     6 |    28 |       |       |       ||    34
       Falchion          |       |     1 |    23 |    40 |    25 ||    89
